 Dungeon Crawl Stone Soup version 0.22.0 (webtiles) character file.

2851 CyclopB the Basher (level 9, -4/80 HPs)
             Began as a Troll Gladiator on Dec 14, 2018.
             Was an Initiate of Wu Jian.
             Slain by an unseen horror (10 damage)
             ... on level 10 of the Dungeon on Dec 16, 2018.
             The game lasted 02:12:01 (8275 turns).

CyclopB the Basher (Troll Gladiator)                Turns: 8275, Time: 02:12:02

Health: -4/80      AC:  6    Str: 31    XL:     9   Next: 46%
Magic:  8/8        EV: 26    Int: 11    God:    Wu Jian [......]
Gold:   526        SH:  0    Dex: 13    Spells: 7/8 levels left

rFire    . . .     SeeInvis .   O - +2 flail (crush)
rCold    . . .     Gourm    +   (no shield)
rNeg     . . .     Faith    .   b - +1 robe
rPois    .         Spirit   .   c - +0 hat
rElec    .         Reflect  .   (no cloak)
rCorr    .         Harm     .   (gloves unavailable)
MR       .....                  (boots unavailable)
Stlth    +.........             t - amulet of the acrobat
HPRegen  0.63/turn              p - +6 ring of strength
MPRegen  0.11/turn              r - +2 ring of intelligence

@: brilliant
A: large, unfitting armour, claws 3, fast metabolism 3, gourmand, regeneration
1, shaggy fur 1, tough skin 2
a: Renounce Religion


You were on level 10 of the Dungeon.
You worshipped Wu Jian.
Wu Jian was noncommittal.
You were full.

You visited 2 branches of the dungeon, and saw 12 of its levels.

You collected 526 gold pieces.

Inventory:

Hand Weapons
 a - a +1 flail
 H - a +0 giant club
 L - a +0 giant spiked club
 M - a +5 flail
 O - a +2 flail of crushing (weapon)
Missiles
 d - 3 throwing nets
 q - 112 stones (quivered)
 y - 4 tomahawks
 C - 2 tomahawks of returning
Armour
 b - a +1 robe (worn)
 c - a +0 hat (worn)
Jewellery
 p - a +6 ring of strength (left claw)
 r - a +2 ring of intelligence (right claw)
 t - an amulet of the acrobat (around neck)
 z - an uncursed amulet of the gourmand {unknown}
 D - an uncursed amulet of guardian spirit {unknown}
 J - an uncursed ring of wizardry
Wands
 o - a wand of flame (32)
 s - a wand of polymorph (30)
 E - a wand of paralysis (6)
 G - a wand of iceblast (29)
Scrolls
 e - a scroll of enchant weapon
 g - 3 scrolls of identify
 h - 4 scrolls of remove curse
 i - 2 scrolls of fog
 j - 4 scrolls of enchant armour
 k - a scroll of random uselessness {unknown}
 n - 2 scrolls of fear
 u - a scroll of noise {unknown}
 x - a scroll of teleportation
 B - a scroll of acquirement {unknown}
 K - a scroll of blinking
Potions
 l - a potion of ambrosia {unknown}
 m - 4 potions of curing
 v - 2 potions of flight
 w - a potion of resistance {unknown}
 F - a potion of might {unknown}
 I - a potion of heal wounds {unknown}
Comestibles
 f - 17 rations


   Skills:
 + Level 2.6 Fighting
 * Level 11.1 Maces & Flails
 - Level 1.7 Throwing
 - Level 3.2 Dodging
 - Level 3.1 Necromancy


You had 7 spell levels left.
You knew the following spells:

 Your Spells              Type           Power        Failure   Level  Hunger
a - Animate Skeleton      Necr           N/A          1%          1    ##.....

Your spell library contained the following spells:

 Spells                   Type           Power        Failure   Level  Hunger
 Apportation              Tloc           #.....       4%          1    ##.....
 Confuse                  Hex            #.......     12%         3    ####...
 Summon Small Mammal      Summ           #...         4%          1    ##.....
 Confusing Touch          Hex            #.....       4%          1    ##.....
 Metabolic Englaciation   Hex/Ice        #.........   63%         5    ######.
 Petrify                  Tmut/Erth      #.......     32%         4    #####..
 Gell's Gravitas          Tloc           #.........   12%         3    ####...
 Yara's Violent Unravell  Hex/Tmut       #.........   63%         5    ######.


Dungeon Overview and Level Annotations

Branches:
Dungeon (11/15)            Temple (1/1) D:7             Orc (0/2) D:11
   Lair: D:8-11

Altars:
Ashenzari
Cheibriados
Elyvilon
Fedhas
Gozag
Hepliaklqana
Kikubaaqudgha
Makhleb
Okawaru
Ru
Uskayaw
Vehumet
Wu Jian
Xom
Yredelemnul
Zin
The Shining One

Shops:
D:6 (:

Annotations:
D:9 Erolcha


Innate Abilities, Weirdness & Mutations

You are too large for most types of armour.
You have claws for hands.
Your metabolism is lightning-fast.
You like to eat raw meat.
Your natural rate of healing is unusually fast.
You are covered in fur. (AC +1)
You have very tough skin. (AC +2)


Message History

Nothing appears to happen.
Something hits you!
* * * LOW HITPOINT WARNING * * *
It was a potion of brilliance.
You feel clever all of a sudden. Something hits you!
* * * LOW HITPOINT WARNING * * *
Something hits you but does no damage.
Unknown command.
Unknown command.
You miss something. Something hits you.
* * * LOW HITPOINT WARNING * * *
Unknown command.
Something closely misses you.
You see here a book of Power.
Something barely misses you.
A hungry ghost comes into view.
Something hits you!
* * * LOW HITPOINT WARNING * * *
Something hits you!
You die...

..
....#########
........@...#
.W####{#....#
#§##.#....
#§# ...###
#§# ..# #§#
#.#
#§§§§§.....
#§§§§§.....
#..#........


You could see a hungry ghost.

Vanquished Creatures
  A hungry ghost (D:9)
  Duvessa (D:5)
  A sky beast (D:6)
  2 orc warriors (D:7)
  An ice beast (D:5)
  5 ogres
  A phantom (D:11)
  A centaur (D:6)
  A big kobold (D:9)
  3 bullfrogs
  Dowan (D:5)
  2 scorpions (D:6)
  5 killer bees (D:8)
  5 wights
  A crimson imp (D:6)
  A centaur skeleton (D:3)
  5 orc priests (D:4)
  2 jellies
  6 orc wizards
  2 hounds
  Ijyb (D:5)
  3 worker ants
  4 adders (D:2)
  3 worms
  2 dart slugs
  4 leopard geckos
  35 orcs
  3 giant cockroaches
  10 hobgoblins
  10 jackals
  5 quokkas
  A ball python skeleton (D:4)
  3 bats
  2 frilled lizards (D:2)
  5 goblins
  A jackal zombie (D:5)
  10 kobolds
  A quokka zombie (D:8)
  5 rats
155 creatures vanquished.

Vanquished Creatures (collateral kills)
  A bullfrog (D:6)
  An orc wizard (D:4)
  An iguana (D:7)
  A worker ant (D:4)
  A killer bee zombie (D:6)
  An orc (D:11)
  A jackal (D:5)
  3 kobolds (D:9)
10 creatures vanquished.

Grand Total: 165 creatures vanquished

Notes
Turn   | Place    | Note
-------+----------+-------------------------------------------
     0 | D:1      | CyclopB the Troll Gladiator began the quest for the Orb.
     0 | D:1      | Reached XP level 1. HP: 19/19 MP: 0/0
    94 | D:1      | Reached skill level 3 in Maces & Flails
   143 | D:1      | Reached XP level 2. HP: 27/27 MP: 1/1
   664 | D:2      | Reached XP level 3. HP: 21/33 MP: 2/2
   837 | D:2      | Reached skill level 4 in Maces & Flails
  1225 | D:2      | Reached XP level 4. HP: 41/41 MP: 3/3
  1840 | D:3      | Reached skill level 5 in Maces & Flails
  2182 | D:3      | Learned a level 1 spell: Animate Skeleton
  2632 | D:4      | Noticed an ogre
  2791 | D:4      | Reached XP level 5. HP: 48/48 MP: 4/4
  3094 | D:4      | Found a radiant altar of Vehumet.
  3117 | D:4      | Reached skill level 6 in Maces & Flails
  3417 | D:4      | Noticed an ogre
  3511 | D:5      | Entered Level 5 of the Dungeon
  3527 | D:5      | Noticed Duvessa
  3579 | D:5      | Noticed an ice beast
  3654 | D:5      | Found a burning altar of Makhleb.
  3661 | D:5      | Reached XP level 6. HP: 55/57 MP: 5/5
  3736 | D:5      | Noticed Ijyb
  4160 | D:4      | Reached skill level 1 in Necromancy
  4636 | D:6      | Reached XP level 7. HP: 62/65 MP: 6/6
  4816 | D:6      | Reached skill level 7 in Maces & Flails
  4918 | D:6      | Found Zeirah's Antique Weapon Boutique.
  4993 | D:6      | Found a glowing silver altar of Zin.
  5008 | D:6      | Found Zirel's Book Emporium.
  5117 | D:6      | Reached XP level 8. HP: 38/72 MP: 7/7
  5242 | D:4      | Reached skill level 8 in Maces & Flails
  5654 | D:6      | Found an opulent altar of Gozag.
  5665 | D:6      | Reached skill level 9 in Maces & Flails
  6565 | D:7      | Reached skill level 10 in Maces & Flails
  6576 | D:7      | Reached XP level 9. HP: 37/79 MP: 8/8
  6795 | D:7      | Found a staircase to the Ecumenical Temple.
  6810 | Temple   | Entered the Ecumenical Temple
  7261 | D:5      | Found a glowing golden altar of the Shining One.
  7286 | D:5      | Killed Ijyb
  7314 | D:5      | Noticed Dowan
  7322 | D:5      | Killed Duvessa
  7328 | D:5      | Killed Dowan
  7552 | D:8      | You fall through a shaft!
  7552 | D:9      | Noticed a two-headed ogre
  7575 | D:9      | Noticed Erolcha
  7636 | D:9      | Found an ornate altar of the Wu Jian Council.
  7639 | D:9      | Became a worshipper of the Wu Jian Council
  7649 | D:9      | Found a shimmering altar of Xom.
  7746 | D:9      | Reached skill level 11 in Maces & Flails
  7819 | D:9      | You fall through a shaft for 2 floors!
  8036 | D:11     | Found a staircase to the Orcish Mines.
  8252 | D:10     | Entered Level 10 of the Dungeon
  8275 | D:10     | Slain by an unseen horror

Skill      XL: |  1  2  3  4  5  6  7  8  9 |
---------------+----------------------------+-----
Maces & Flails | 3 4 5 6 7 10 11 | 11.1
Fighting       | 2 |  2.6
Necromancy     | 3 |  3.1
Dodging        | 3 |  3.2
Throwing       | |  1.7

Action                   |  1- 3 |  4- 6 |  7- 9 || total
-------------------------+-------+-------+-------++-------
Melee: Flail             |   122 |   190 |   293 ||   605
Throw: Stone             |       |    35 |   121 ||   156
 Cast: Animate Skeleton  |       |     8 |    16 ||    24
Invok: Lunge             |       |       |    12 ||    12
Evoke: Wand              |       |       |    11 ||    11
  Use: Scroll            |     1 |     9 |     8 ||    18
       Potion            |       |     3 |     2 ||     5
 Stab: Paralysed         |       |       |     9 ||     9
  Eat: Chunk             |    14 |    35 |    34 ||    83
Armor: Robe              |    38 |    61 |    57 ||   156
       Skin              |       |       |    57 ||    57
Dodge: Dodged            |    49 |   123 |   144 ||   316
